 Dungeon Crawl Stone Soup version 0.17.2 (webtiles) character file.

98 Goblin1989 the Sneak (level 4, -1/23 HPs)
             Began as a Vine Stalker Assassin on May 28, 2016.
             Slain by an orc wizard
             ... wielding a +0 dagger
              (3 damage)
             ... on level 3 of the Dungeon.
             The game lasted 00:05:51 (1242 turns).

Goblin1989 the Sneak (Vine Stalker Assassin)        Turns: 1242, Time: 00:05:51

Health: -1/23      AC:  4    Str: 13    XL:     4   Next: 69%
Magic:  0/5        EV: 11    Int: 11    God:
Gold:   62         SH:  0    Dex: 17    Spells: 0 memorised, 3 levels left

rFire  . . .     SeeInvis .     a - +2 dagger
rCold  . . .     Clarity  .     c - +0 robe
rNeg   . . .     SustAt   .     (no shield)
rPois  .         Gourm    .     (no helmet)
rElec  .         Spirit   +     d - +0 cloak
rCorr  .         Warding  .     p - +0 pair of gloves
rMut   .         Stasis   .     (no boots)
MR     .....                    (no amulet)
Stlth  ++++......               (no ring)
                                (no ring)

@: not resistant to hostile enchantments, stealthy
A: fangs 2, regeneration 1, magic shield, antimagic bite, no device heal 3, rot
immunity
a: no special abilities


You were on level 3 of the Dungeon.
You were very hungry.

You visited 1 branch of the dungeon, and saw 3 of its levels.

You collected 62 gold pieces.

Inventory:

Hand Weapons
 a - a +2 dagger (weapon)
 b - a +0 blowgun
Missiles
 e - 8 poisoned needles
 f - 2 curare-tipped needles
Armour
 c - a +0 robe (worn)
 d - a +0 cloak (worn)
 p - a +0 pair of gloves (worn)
Scrolls
 h - 2 scrolls of magic mapping {unknown}
 i - a scroll of immolation {unknown}
 j - 2 scrolls of identify {unknown}
 k - a scroll of remove curse {unknown}
 l - a scroll of blinking {unknown}
 m - a scroll of recharging {unknown}
 n - a scroll of fog {unknown}
 r - a scroll of teleportation {unknown}
Potions
 q - a potion of curing {unknown}
Comestibles
 g - 3 bread rations
 o - a slice of pizza


   Skills:
 - Level 1.7 Fighting
 * Level 2.5 Short Blades
 - Level 1.7 Throwing
 - Level 0.7 Dodging
 + Level 7.0 Stealth


You had 3 spell levels left.
You didn't know any spells.

Dungeon Overview and Level Annotations

Branches:
Dungeon (3/15)

Altars:
Kikubaaqudgha
Makhleb
Sif Muna
Trog


Innate Abilities, Weirdness & Mutations

You have extremely sharp teeth.
Your natural rate of healing is unusually fast.
When hurt, damage is shared between your health and your magic reserves.
Your bite disrupts and absorbs the magic of your enemies.
Potions and wands cannot restore your health.
You are immune to rotting.


Message History

You closely miss the orc priest.
You bite the orc priest, but do no damage.
The orc priest hits you with a dagger. The orc barely misses you.
Unknown command.
You hit the orc priest but do no damage.
You bite the orc priest, but do no damage.
The orc priest hits you with a dagger.
* * * LOW HITPOINT WARNING * * *
The orc wizard mumbles some strange words.
The orc wizard blinks!
The orc barely misses you.
Unknown command.
You hit the orc priest.
You bite the orc priest, but do no damage.
The orc priest closely misses you. The orc wizard barely misses you.
The orc closely misses you.
Unknown command.
You hit the orc priest. Your bite misses the orc priest.
The orc priest hits you but does no damage.
The orc wizard hits you with a dagger.
You die...

# # .# .#..#
###.#..#
#......#
.###.###<#.#..#
......oooo>...#
.#...###@#.#..#
... #.†....# .
....##.#
....... #
....#####
#....# #..#.#
#...##


You could see an orc priest, an orc wizard and 2 orcs.

Vanquished Creatures
  5 adders (D:2)
  3 worms (D:2)
  A giant gecko (D:1)
  An orc (D:3)
  5 bats
  5 hobgoblins
  5 jackals
  2 ball pythons
  A giant cockroach (D:2)
  A giant newt (D:2)
  3 goblins (D:2)
  7 kobolds
  5 rats
44 creatures vanquished.

Notes
Turn   | Place    | Note
--------------------------------------------------------------
     0 | D:1      | Goblin1989 the Vine Stalker Assassin began the quest for the Orb.
     0 | D:1      | Reached XP level 1. HP: 11/11 MP: 2/2
    21 | D:1      | Reached skill level 5 in Stealth
    66 | D:1      | Reached XP level 2. HP: 13/15 MP: 3/3
   534 | D:1      | You fall through a shaft!
   543 | D:2      | Reached skill level 6 in Stealth
   543 | D:2      | Reached XP level 3. HP: 15/18 MP: 2/4
   558 | D:2      | Found a deep blue altar of Sif Muna.
   587 | D:2      | Found an ancient bone altar of Kikubaaqudgha.
   601 | D:2      | Found a bloodstained altar of Trog.
   844 | D:2      | Reached XP level 4. HP: 21/23 MP: 5/5
  1092 | D:2      | Found a burning altar of Makhleb.
  1231 | D:3      | Reached skill level 7 in Stealth
  1240 | D:3      | HP: 1/23 [orc priest/dagger (2)]
  1242 | D:3      | Slain by an orc wizard

Action                   |  1- 3 |  4- 6 || total
-------------------------+-------+-------++-------
Melee: Dagger            |   113 |    47 ||   160
 Fire: Blowgun           |     6 |       ||     6
 Stab: Sleeping          |     9 |     2 ||    11
